 Dungeon Crawl Stone Soup version 0.31-a0-542-gdc2a67831c (webtiles) character file.

Game seed: 12914142116395557339

471 Dittersdorf the Shield-Bearer (level 7, -2/44 HPs)
             Began as a Gargoyle Fighter on Aug 14, 2023.
             Killed by divine providence
             ... invoked by an orc priest
              (10 damage)
             ... on level 4 of the Dungeon.
             The game lasted 00:03:03 (2450 turns).

Dittersdorf the Shield-Bearer (Gargoyle Fighter)    Turns: 2450, Time: 00:03:04

Health: -2/44      AC: 18    Str: 21    XL:     7   Next: 9%
Magic:  7/7        EV:  8    Int:  9    God:
Gold:   197        SH:  4    Dex:  9    Spells: 6/6 levels left

rFire   . . .        t - +0 morningstar
rCold   . . .        c - +0 buckler
rNeg    + . .        l - +0 chain mail
rPois   ∞            (no helmet)
rElec   +            (no cloak)
rCorr   .            (no gloves)
SInv    .            (no boots)
Will    .....        k - amulet of regeneration Stlth
                     h - +4 ring of protection
HPRegen 1.07/turn    (no ring)
MPRegen 0.10/turn

%: no passive effects
@: no status effects
A: sickness immunity, AC +4, negative energy resistance 1, electricity
resistance, torment resistance 1, petrification resistance
a: no special abilities


You were on level 4 of the Dungeon.
You visited 1 branch of the dungeon, and saw 4 of its levels.

You collected 197 gold pieces.

Inventory:

Hand Weapons
 t - a +0 morningstar (weapon)
Missiles
 j - 2 poisoned darts
Armour
 c - a +0 buckler (worn)
 l - a +0 chain mail (worn)
Jewellery
 h - a +4 ring of protection (left hand)
 k - an amulet of regeneration (around neck)
Scrolls
 e - a scroll of identify {unknown}
 f - a scroll of enchant armour {unknown}
 g - a scroll of immolation {unknown}
 m - 2 scrolls of teleportation {unknown}
 p - a scroll of revelation {unknown}
 q - a scroll of vulnerability {unknown}
 r - 2 scrolls of fear {unknown}
Potions
 b - a potion of ambrosia {unknown}
 d - 4 potions of might
 i - a potion of haste {unknown}
 n - a potion of magic {unknown}
 o - a potion of berserk rage {unknown}
 s - a potion of curing {unknown}


   Skills:
 + Level 5.1 Fighting
 + Level 4.0 Maces & Flails
 + Level 5.1 Armour
 + Level 5.1 Shields


You had 6 spell levels left.
You didn't know any spells.
Your spell library contained the following spells:

 Spells                   Type           Power      Damage    Failure   Level
 Kiss of Death            Conj/Necr      0%         2d5       97%         1
 Confusing Touch          Hex            0%         N/A       100%        3
 Ignite Poison            Fire/Tmut/Pois 0%         N/A       100%        3
 Tukima's Dance           Hex            0%         N/A       100%        3
 Dispel Undead            Necr           0%         3d6       100%        4
 Passage of Golubria      Tloc           0%         N/A       100%        4
 Sticky Flame             Conj/Fire      0%         2d3       100%        4
 Yara's Violent Unravell  Hex/Tmut       0%         3d3       100%        5
 Ignition                 Fire           0%         3d3       100%        8


Dungeon Overview and Level Annotations

Branches:
Dungeon (4/15)
 Temple: D:4-7

Altars:

Annotations:
D:3 3 runed translucent doors, arvidsem's ghost, amateur TrFi


Innate Abilities, Weirdness & Mutations

You are immune to sickness and miasma.
Your stone body is resilient. (AC +4)
You are immune to poison.
You resist negative energy. (rN+)
You are resistant to electric shocks. (rElec)
You are resistant to unholy torment.
You are immune to petrification.


Message History

The hound bites you but does no damage.
You hear some strange, mumbled words.
A puff of flame appears from out of thin air!
The puff of flame hits you!
The orc wizard casts a spell.
The orc wizard flickers and vanishes!
The hound closely misses you.
You miss the hound.
The hound is heavily wounded.
The hound bites you but does no damage.
The orc priest calls down the wrath of Beogh upon you.
Beogh smites you!
You hear some strange, mumbled words.
A puff of flame appears from out of thin air!
The puff of flame hits you.
You hear some strange, mumbled words.
Something tries to affect you, but you resist.
You block the hound's attack. The hound bites you but does no damage.
The hound bites you but does no damage. The hound attacks as you move away!
The hound bites you but does no damage. Something hits you but does no damage.
You hear some strange, mumbled words.
You are confused.
The hound bites you. Something hits you but does no damage.
The hound bites you but does no damage. The hound attacks as you move away!
The hound bites you but does no damage.
The orc priest calls down the wrath of Beogh upon you.
Beogh smites you!
* * * LOW HITPOINT WARNING * * *
Something hits you but does no damage. x2; The hound barely misses you.
You bump into the rock wall.
Something hits you but does no damage. x2
The hound bites you but does no damage.
You bump into the rock wall.
You feel less confused. The hound bites you.
* * * LOW HITPOINT WARNING * * *
The orc hits you but does no damage.
The orc priest mumbles some strange prayers to Beogh against you.
Beogh smites you!
You die...

#########..##.....>.
#.#.#....###
#.##...#..
..###..#### ####
#..# # #..# .#
#..####.###
#..##.....# #..h@o#
##.{{o# ###
###o.###o....
#..$†.{o...
#.#.###..## #.#.#
#.#.# #.#.# #.#.#


You could see a hound, an orc priest and 2 orcs.

Vanquished Creatures
  Eustachio (D:4)
  A black bear (D:3)
  A scorpion (D:4)
  A hound (D:3)
  An orc priest (D:4)
  4 adders
  2 worms (D:3)
  A dart slug (D:3)
  10 orcs
  2 bats (D:2)
  3 endoplasms (D:3)
  2 giant cockroaches
  4 goblins
  12 hobgoblins
  A jackal (D:2)
  4 kobolds
  4 quokkas
  3 ball pythons
  2 frilled lizards (D:3)
  2 rats
61 creatures vanquished.

Notes
Turn   | Place    | Note
-------+----------+-------------------------------------------
     0 | D:1      | Dittersdorf the Gargoyle Fighter began the quest for the
                  | Orb.
     0 | D:1      | Reached XP level 1. HP: 14/14 MP: 1/1
   583 | D:1      | Reached XP level 2. HP: 19/19 MP: 2/2
  1090 | D:2      | Reached XP level 3. HP: 22/23 MP: 3/3
  1682 | D:3      | Reached XP level 4. HP: 29/29 MP: 4/4
  1695 | D:3      | Found a runed translucent gate.
  1696 | D:3      | Found a runed translucent gate.
  1697 | D:3      | Found a runed translucent gate.
  2082 | D:3      | Noticed arvidsem's ghost (amateur TrFi)
  2142 | D:4      | Noticed a black bear
  2155 | D:3      | Killed a black bear
  2156 | D:3      | Reached XP level 5. HP: 32/34 MP: 5/5
  2189 | D:4      | Reached XP level 6. HP: 39/39 MP: 6/6
  2338 | D:4      | Noticed Eustachio
  2410 | D:4      | Killed Eustachio
  2411 | D:4      | Reached skill level 5 in Fighting
  2411 | D:4      | Reached skill level 5 in Armour
  2411 | D:4      | Reached skill level 5 in Shields
  2441 | D:4      | Reached XP level 7. HP: 44/44 MP: 7/7
  2450 | D:4      | Killed from afar by an orc priest

Illustrated notes

Levels and vault maps discovered:
D:1:      psy_arrival_terrarium, layout_loops_ring, serial_forest,
          infiniplex_forest_lined_4_way, infiniplex_forest_end_3,
          infiniplex_forest_zigzag_1, infiniplex_forest_clump_double,
          infiniplex_forest_straight_2, infiniplex_forest_lined_3,
          eino_curves_02, amethyst_killhole
D:2:      minmay_spotlight, layout_loops_ring
D:3:      layout_loops_cross, gammafunk_ghost_icy
D:4:      layout_loops_ring, uniq_eustachio

Skill      XL: |  1  2  3  4  5  6 |
---------------+-------------------+-----
Shields        | 4 5 |  5.1
Fighting       | 4 5 |  5.1
Armour         | 4 5 |  5.1
Maces & Flails | 3 4 |  4.0

Action                     |  1- 3 |  4- 6 |  7- 9 || total
---------------------------+-------+-------+-------++-------
  Melee: Flail             |    87 |   128 |       ||   215
         Morningstar       |       |    88 |     2 ||    90
 Armour: Scale mail        |     6 |       |       ||     6
         Chain mail        |    64 |   219 |    15 ||   298
  Dodge: Dodged            |    37 |   124 |     2 ||   163
  Block: Buckler           |    22 |    57 |     1 ||    80

Table legend: (Time is in decaauts)
 A = Elapsed time spent in this place.
 B = Non-inter-level travel time spent in this place.
 C = Inter-level travel time spent in this place.
 D = Time resting spent in this place.
 E = Time spent auto-exploring this place.
 F = Levels seen in this place.
 G = Mean time per level.
                   A        B        C        D        E       F      G
               +--------+--------+--------+--------+--------+-----+--------+
         Total |   2547 |   2451 |     96 |      7 |   1815 |   4 |  636.8 |
       Dungeon |   2547 |   2451 |     96 |      7 |   1815 |   4 |  636.8 |
               +--------+--------+--------+--------+--------+-----+--------+

Top non-repeatable levels by time:
     D:1: 883 daAuts
     D:2: 690 daAuts
     D:3: 655 daAuts
     D:4: 317 daAuts
